 Dungeon Crawl Stone Soup version 0.27.1-3-gb3d3a73c9e (webtiles) character file.

Game seed: 5268238212881669065

1446 Urokeeper the Slicer (level 9, -4/65 HPs)
             Began as a Human Brigand on Oct 7, 2021.
             Slain by a fire bat (7 damage)
             ... on level 8 of the Dungeon.
             The game lasted 00:40:27 (7888 turns).

Urokeeper the Slicer (Human Brigand)                Turns: 7888, Time: 00:40:28

Health: -4/65      AC:  5    Str: 15    XL:     9   Next: 4%
Magic:  9/9        EV: 11    Int: 11    God:
Gold:   374        SH:  0    Dex: 15    Spells: 8/8 levels left

rFire    . . .     SeeInvis .   k - +2 dagger (venom)
rCold    . . .     Faith    .   (no shield)
rNeg     + . .     Spirit   .   y - +1 robe "Ytirrir" {Archmagi}
rPois    .         Reflect  .   j - +0 helmet
rElec    .         Harm     .   c - +0 cloak
rCorr    .         Rampage  .   (no gloves)
Will     +++..     Archmagi +   (no boots) Stlth +++.......Clarity +
                                w - amulet of the Four Winds {rN+ Will+++ Clar}
HPRegen  0.20/turn              (no ring)
MPRegen  0.11/turn              (no ring)

@: no status effects
A: no striking features
a: no special abilities


You were on level 8 of the Dungeon.
You visited 1 branch of the dungeon, and saw 8 of its levels.

You collected 374 gold pieces.

Inventory:

Hand Weapons
 a - a +2 dagger
 k - a +2 dagger of venom (weapon)
 m - a +1 short sword of holy wrath
Missiles
 d - 27 poisoned darts
Armour
 b - a +0 robe
 c - a +0 cloak (worn)
 j - a +0 helmet (worn)
 r - a +0 leather armour
 y - the +1 robe "Ytirrir" (worn) {Archmagi}
   (You found it on level 6 of the Dungeon)

   Archmagi:  It increases the power of your magical spells.
Jewellery
 f - an amulet of faith
 w - the amulet of the Four Winds (around neck) {rN+ Will+++ Clar}
   (You found it on level 4 of the Dungeon)

   [amulet of nothing]

   rN:        It protects you from negative energy.
   Clar:      It protects you against confusion.
   Will:      It greatly increases your willpower.
Wands
 l - a wand of iceblast (3)
 B - a wand of polymorph (7) (quivered)
 C - a wand of flame (20)
 D - a wand of digging (8)
Scrolls
 i - a scroll of noise
 n - 2 scrolls of enchant weapon
 o - a scroll of fear {unknown}
 p - a scroll of vulnerability {unknown}
 t - a scroll of enchant armour {unknown}
 u - a scroll of amnesia
 v - a scroll of magic mapping
 E - 2 scrolls of immolation {unknown}
 F - 2 scrolls of brand weapon {unknown}
Potions
 g - a potion of magic
 h - a potion of lignification
 q - a potion of curing {unknown}
 s - a potion of resistance {unknown}
 x - a potion of haste {unknown}
 z - a potion of attraction {unknown}
 A - a potion of brilliance {unknown}


   Skills:
 * Level 3.9 Fighting
 - Level 10.1 Short Blades
 - Level 2.0 Throwing
 - Level 1.0 Dodging
 - Level 4.0 Stealth


You had 8 spell levels left.
You didn't know any spells.
Your spell library contained the following spells:

 Spells                   Type           Power      Damage    Failure   Level
 Passwall                 Tmut/Erth      0%         N/A       47%         2
 Sublimation of Blood     Necr           0%         N/A       47%         2
 Wereblood                Tmut           0%         N/A       47%         2
 Storm Form               Tmut/Air       0%         N/A       100%        7
 Summon Hydra             Summ           0%         N/A       100%        7
 Necromutation            Tmut/Necr      0%         N/A       100%        8


Dungeon Overview and Level Annotations

Branches:
Dungeon (8/15)
 Temple: D:4-7         Lair: D:8-11

Altars:
Nemelex Xobeh

Annotations:
D:7 Prince Ribbit


Message History

The hornet easily resists.
The hornet closely misses you. The hornet misses you.
Aiming: Polymorph
Press: ? - help, Q - select action, (/) - cycle Shift-Dir - straight line, f/p - hornet
Aim: a hornet (will become a rime drake, a fire bat, or a wyvern, chance to affect: 37%)
The hornet evaporates and reforms as a fire bat!
The fire bat bites you.
You are engulfed in flames!
The fire bat bites you but does no damage.
You barely miss the fire bat.
The fire bat bites you but does no damage.
The fire bat bites you.
You are engulfed in flames.
You puncture the fire bat!
The fire bat is poisoned.
The fire bat is moderately wounded.
The fire bat bites you.
You are engulfed in flames!
You closely miss the fire bat.
The fire bat is moderately wounded.
The fire bat closely misses you. The fire bat bites you.
You are engulfed in flames!
You are too injured to fight recklessly!
You are too injured to fight recklessly!
The fire bat closely misses you. The fire bat bites you.
You are engulfed in flames!
* * * LOW HITPOINT WARNING * * *
The fire bat bites you but does no damage.
The fire bat bites you.
* * * LOW HITPOINT WARNING * * *
You are engulfed in flames.
* * * LOW HITPOINT WARNING * * *
The fire bat misses you.
The fire bat bites you but does no damage.
The fire bat bites you.
* * * LOW HITPOINT WARNING * * *
You are engulfed in flames.
* * * LOW HITPOINT WARNING * * *
The fire bat closely misses you. The fire bat closely misses you.
The fire bat bites you.
* * * LOW HITPOINT WARNING * * *
You are engulfed in flames!
You die...

#.# .....#.###..
#.######.....#....
#.....(..>...#....
#.####... #..#....
#......####..#...#
#.###..#..........
#........######.##
#b..##.#........##
#@#.##.###########
#####.............
.
#.......#.########
# #.#######...#
#.......###.#
#######.###.#
#.....# #####.#
###


You could see a fire bat (poisoned).

Vanquished Creatures
  Grinder (D:5)
  2 ogres
  2 bullfrogs (D:7)
  6 scorpions
  A howler monkey (D:6)
  A centaur zombie (D:5)
  A jelly (D:6)
  2 bullfrog zombies (D:5)
  A hound (D:7)
  2 centaur skeletons (D:6)
  3 iguanas
  3 orc wizards
  Robin (D:2)
  6 adders
  A gnoll (D:4)
  2 shadow imps
  4 dart slugs
  8 orcs
  7 ball pythons
  5 endoplasms
  2 giant cockroaches
  10 goblins
  13 hobgoblins
  4 jackals
  2 quokkas
  14 bats
  4 frilled lizards
  8 kobolds
  8 rats
124 creatures vanquished.

Vanquished Creatures (others)
  14 fungi (D:5)
14 creatures vanquished.

Grand Total: 138 creatures vanquished

Notes
Turn   | Place    | Note
-------+----------+-------------------------------------------
     0 | D:1      | Urokeeper the Human Brigand began the quest for the Orb.
     0 | D:1      | Reached XP level 1. HP: 16/16 MP: 1/1
   116 | D:1      | Reached XP level 2. HP: 16/22 MP: 2/2
   288 | D:1      | Reached skill level 3 in Short Blades
   406 | D:1      | Reached XP level 3. HP: 23/27 MP: 3/3
   834 | D:2      | Found a sparkling altar of Nemelex Xobeh.
  1155 | D:2      | Noticed Robin
  1185 | D:2      | Reached skill level 4 in Short Blades
  1185 | D:2      | Reached XP level 4. HP: 29/33 MP: 4/4
  1202 | D:2      | Killed Robin
  2007 | D:2      | Reached XP level 5. HP: 18/38 MP: 5/5
  2506 | D:3      | Reached skill level 5 in Short Blades
  3300 | D:4      | Reached skill level 6 in Short Blades
  3300 | D:4      | Reached XP level 6. HP: 35/44 MP: 6/6
  3431 | D:5      | Entered Level 5 of the Dungeon
  3431 | D:5      | Noticed Grinder
  3909 | D:5      | Killed Grinder
  3910 | D:5      | Reached skill level 7 in Short Blades
  3910 | D:5      | Reached XP level 7. HP: 20/50 MP: 7/7
  4388 | D:5      | Got the Handbook of Shape Shifting
  4468 | D:5      | Reached skill level 8 in Short Blades
  4683 | D:5      | Reached XP level 8. HP: 56/56 MP: 8/8
  5000 | D:5      | Reached skill level 9 in Short Blades
  5400 | D:4      | Found the amulet of the Four Winds {rN+ Will+++ Clar}
  6638 | D:6      | Identified the +1 robe "Ytirrir" {Archmagi}
  6795 | D:7      | Noticed Prince Ribbit
  7203 | D:7      | Reached skill level 10 in Short Blades
  7418 | D:7      | Reached XP level 9. HP: 53/64 MP: 9/9
  7869 | D:8      | Noticed a hornet
  7873 | D:8      | a hornet changed into a fire bat
  7888 | D:8      | HP: 3/65 [fire bat (1)]
  7888 | D:8      | Slain by a fire bat

Illustrated notes

Levels and vault maps discovered:
D:1:      psy_arrival_wood_between_worlds, layout_rooms
D:2:      layout_loops_ring, basic_altar, minmay_tromino_v4_c, uniq_robin
D:3:      layout_rooms, hangedman_abyss_or_decor_lesser_grid
D:4:      layout_basic
D:5:      old_forge, layout_basic, uniq_grinder
D:6:      layout_loops_ring, hangedman_abyss_or_decor_stabs
D:7:      layout_cave_pools, temple_hall_moat, serial_shops,
          nicolae_inconvenience_store, st_stairs_11, uniq_prince_ribbit1
D:8:      layout_basic, serial_shops, shop

Skill      XL: |  1  2  3  4  5  6  7  8 |
---------------+-------------------------+-----
Short Blades   | 3 4 6 7 8 10 | 10.1
Fighting       | 3 |  3.9
Throwing       | |  2.0
Dodging        | |  1.0
Stealth        | |  4.0

Action                   |  1- 3 |  4- 6 |  7- 9 || total
-------------------------+-------+-------+-------++-------
Melee: Dagger            |   125 |   127 |   186 ||   438
Throw: Dart              |       |     7 |    20 ||    27
Evoke: Wand              |       |     5 |     4 ||     9
  Use: Scroll            |       |     2 |     3 ||     5
       Potion            |       |       |     2 ||     2
 Stab: Sleeping          |     5 |     2 |     6 ||    13
       Distracted        |       |     1 |     1 ||     2
Armor: Robe              |    20 |    27 |    14 ||    61
       Leather armour    |       |     8 |    48 ||    56
Dodge: Dodged            |    53 |    54 |   101 ||   208
